cohdb
Replays
Latest Replays
All Replays
Popular Replays
Top Player Replays
Match Explorer
How It Works
Community
CoH3 Stats
Reddit
Sign in to upload your games and track your stats! →
Sign in with Steam
Match 39383352
Unlisted
Match 39383352
Overview
Messages
Build Orders
End
Construct Infanterie Kompanie
Selects Luftwaffe Battlegroup
Selects Luftwaffe Battlegroup
Selects Luftwaffe Pioneer Support
Fallschirmpioneer Squad Paradrop
MG 42 Machine Gun Team
Fallschirmpioneer Squad Paradrop
Construct Panzergrenadier Kompanie
Fallschirmpioneer Squad Paradrop
Selects Flak 38 Anti-Air Emplacement
Selects Stuka Strafing Run
Pak 40 Anti-tank Gun Team
251 Medium Carrier
Stuka Strafing Run
北城以北陌路人
Brucaccio
蒙古中单
6w6
Tortique
『BlackBear』
zofldj
HHHCARL92
0
0
Comments
sign in to comment!
No comments posted yet!